 Dungeon Crawl Stone Soup version 0.22-a0-601-gb0ed703 (webtiles) character file.

700 Gildeon the Slasher (level 7, -5/59 HPs)
             Began as a Demigod Fighter on July 6, 2018.
             Slain by Menkaure (12 damage)
             ... on level 4 of the Dungeon.
             The game lasted 00:11:47 (2760 turns).

Gildeon the Slasher (Demigod Fighter)               Turns: 2760, Time: 00:11:47

Health: -5/59      AC:  9    Str: 21    XL:     7   Next: 15%
Magic:  9/9        EV:  9    Int: 12    God:
Gold:   205        SH: 10    Dex: 17    Spells: 6/6 levels left

rFire    . . .     SeeInvis .   a - +0 long sword
rCold    . . .     Gourm    .   c - +0 shield
rNeg     . . .     Faith    .   b - +0 scale mail
rPois    .         Spirit   .   (no helmet)
rElec    .         Reflect  .   e - +1 cloak
rCorr    .         Harm     .   (no gloves)
MR       .....                  (no boots)
Stlth    ..........             j - amulet of regeneration
HPRegen  0.59/turn              (no ring)
MPRegen  0.11/turn              (no ring)

@: no status effects
A: high mp 1
a: no special abilities


You were on level 4 of the Dungeon.
You were hungry.

You visited 1 branch of the dungeon, and saw 4 of its levels.

You collected 205 gold pieces.

Inventory:

Hand Weapons
 a - a +0 long sword (weapon)
Missiles
 m - 2 tomahawks (quivered)
 q - 4 tomahawks of returning
Armour
 b - a +0 scale mail (worn)
 c - a +0 shield (worn)
 e - a +1 cloak (worn)
Jewellery
 j - an amulet of regeneration (around neck)
Wands
 d - a wand of polymorph (11)
 h - a wand of iceblast (5)
 i - a wand of enslavement (12)
Scrolls
 k - a scroll of enchant weapon {unknown}
 n - a scroll of remove curse
 o - a scroll of teleportation
Potions
 l - 3 potions of curing
 p - a potion of resistance {unknown}
Comestibles
 f - 7 rations


   Skills:
 + Level 4.1 Fighting
 * Level 4.5 Long Blades
 + Level 4.0 Armour
 + Level 2.8 Dodging
 + Level 3.9 Shields


You had 6 spell levels left.
You didn't know any spells.
Your spell library was empty.

Dungeon Overview and Level Annotations

Branches:
Dungeon (4/15)
 Temple: D:4-7

Annotations:
D:4 Menkaure


Innate Abilities, Weirdness & Mutations

You have an increased reservoir of magic. (+10% MP)


Message History

You block Menkaure's attack.
You hit Menkaure.
Menkaure is almost destroyed.
The orc hits you but does no damage. Menkaure barely misses you.
You closely miss Menkaure.
Menkaure is almost destroyed.
The orc hits you but does no damage. You block the orc wizard's attack.
Menkaure mumbles some strange words.
Menkaure seems to speed up.
Unknown command.
You hit Menkaure but do no damage.
Menkaure is almost destroyed.
The orc hits you but does no damage.
An orc comes into view. It is wielding a short sword.
Menkaure hits you!
* * * LOW HITPOINT WARNING * * *
You barely miss Menkaure.
Menkaure is almost destroyed.
Menkaure hits you!
You die...

...........####
########...# #
...........# #
...........# #
#+###...........# #
#...#...........# #
#...#......>....####
#)oo######+#........
#oM@'......#........
#'####.....#........
.o. #.....+........
.....
#.....#....####
.......
#.....######..#
.....?.
#.....'.......#
###+#..
#.....#...##..# +..
#.....##..##..#
+.....######..#


You could see Menkaure, an orc wizard and 3 orcs.

Vanquished Creatures
  Sigmund (D:4)
  An orc warrior (D:3)
  An ogre (D:3)
  3 jellies (D:2)
  An orc priest (D:3)
  An iguana (D:4)
  An orc wizard (D:3)
  A gnoll (D:1)
  4 adders
  11 oozes
  2 worms (D:2)
  A dart slug (D:1)
  A leopard gecko (D:2)
  8 orcs (D:3)
  6 giant cockroaches
  10 goblins
  9 hobgoblins
  5 jackals
  16 kobolds
  3 ball pythons
  7 bats
  2 frilled lizards (D:3)
  7 rats
102 creatures vanquished.

Vanquished Creatures (others)
  3 fungi (D:2)
  8 toadstools (D:2)
11 creatures vanquished.

Grand Total: 113 creatures vanquished

Notes
Turn   | Place    | Note
-------+----------+-------------------------------------------
     0 | D:1      | Gildeon the Demigod Fighter began the quest for the Orb.
     0 | D:1      | Reached XP level 1. HP: 18/18 MP: 3/3
   100 | D:1      | Reached XP level 2. HP: 12/25 MP: 4/4
   542 | D:1      | Reached XP level 3. HP: 31/31 MP: 5/5
  1003 | D:2      | Reached skill level 1 in Dodging
  1327 | D:2      | Reached XP level 4. HP: 36/38 MP: 6/6
  1607 | D:2      | Reached XP level 5. HP: 33/45 MP: 7/7
  1787 | D:3      | Noticed an orc warrior
  1807 | D:3      | Killed an orc warrior
  1807 | D:3      | Reached XP level 6. HP: 14/51 MP: 8/8
  2578 | D:4      | Noticed Sigmund
  2629 | D:4      | Killed Sigmund
  2629 | D:4      | Reached XP level 7. HP: 59/59 MP: 9/9
  2748 | D:4      | Noticed Menkaure
  2760 | D:4      | Slain by Menkaure

Vault maps used:
D:1:      evilmike_arrival_rings
D:2:      cheibrodos_fertilizer
D:4:      lemuel_coloured_pillars_altar, serial_shops, shop_statue,
          nicolae_shop_window_shopping, shop, kennysheep_mini_moat,
          uniq_sigmund, uniq_menkaure

Skill      XL: |  1  2  3  4  5  6 |
---------------+-------------------+-----
Long Blades    | 2 3 4 |  4.5
Fighting       | 3 4 |  4.1
Armour         | 3 4 |  4.0
Dodging        | 1 2 |  2.8
Shields        | 3 |  3.9

Action                   |  1- 3 |  4- 6 |  7- 9 || total
-------------------------+-------+-------+-------++-------
Melee: Long sword        |   122 |   234 |    12 ||   368
Throw: Tomahawk          |       |    12 |       ||    12
  Use: Scroll            |     5 |     4 |       ||     9
       Potion            |       |     2 |       ||     2
  Eat: Chunk             |     1 |     2 |       ||     3
       Ration            |     1 |       |       ||     1
Armor: Scale mail        |    66 |    87 |     4 ||   157
Dodge: Dodged            |    39 |   102 |     5 ||   146
Block: Shield            |    66 |   122 |     5 ||   193
       Rpst.: Long sword |    12 |    28 |     1 ||    41

Table legend:
 A = Spawn XP
 B = Non-spawn XP
 C = Spawn XP percentage of total XP
 D = Spawn monster count
 E = Non-spawn monster count
 F = Spawn count percentage of total count
 G = Total turns spent on level
                    A         B        C        D         E        F      G
               +---------+---------+-------+---------+---------+-------+---------
         Total |       0 |    1000 |   0.0 |       0 |     102 |   0.0 |  2760
               +---------+---------+-------+---------+---------+-------+---------
           D:1 |       0 |      55 |   0.0 |       0 |      21 |   0.0 |   984
           D:2 |       0 |     271 |   0.0 |       0 |      42 |   0.0 |   703
           D:3 |       0 |     386 |   0.0 |       0 |      33 |   0.0 |   670
           D:4 |       0 |     288 |   0.0 |       0 |       6 |   0.0 |   403
               +---------+---------+-------+---------+---------+-------+---------
